 Dungeon Crawl Stone Soup version 0.27-a0-789-g6bb3289e1e (webtiles) character file.

Game seed: 7468448916837954853

247 funkygono the Magician (level 6, -1/40 HPs)
             Began as a Djinni Fire Elementalist on Mar 25, 2021.
             Slain by an orc warrior
             ... wielding a +0 glaive
              (11 damage)
             ... on level 4 of the Dungeon on Mar 26, 2021.
             The game lasted 00:09:50 (4447 turns).

funkygono the Magician (Djinni Fire Elementalist)   Turns: 4447, Time: 00:09:50

Health: -1/40      AC:  9    Str:  7    XL:     6   Next: 11%
Gold:   111        EV: 13    Int: 20    God:
                   SH:  0    Dex: 14

rFire    + + +     SeeInvis +   l - staff of fire
rCold    x . .     Faith    .   (no shield)
rNeg     . . .     Spirit   .   a - +1 robe
rPois    ∞         Reflect  .   r - +3 crown of Dyrovepreva {rElec Int+2 SInv}
rElec    +         Harm     .   (no cloak)
rCorr    .         Rampage  .   j - +2 pair of gloves
Will     .....                  (boots unavailable)
Stlth    ++........             (no amulet)
HPRegen  0.13/turn              k - +4 ring of slaying
MPRegen  0.00/turn              (no ring)

@: flying
A: fire resistance 2, cold vulnerability 1, float, innate caster, hp casting,
extra vitality 1
a: no special abilities


You were on level 4 of the Dungeon.
You visited 1 branch of the dungeon, and saw 4 of its levels.

You collected 111 gold pieces.

Inventory:

Hand Weapons
 b - a +0 whip
 e - a +0 dagger
Armour
 a - a +1 robe (worn)
 d - a scarf of shadows
 j - a +2 pair of gloves (worn)
 r - the +3 crown of Dyrovepreva (worn) {rElec Int+2 SInv}
   (You found it on level 4 of the Dungeon)

   It affects your intelligence (+2).
   It insulates you from electricity.
   It lets you see invisible.
Magical Staves
 l - a staff of fire (weapon)
Jewellery
 k - a +4 ring of slaying (right hand)
Scrolls
 h - a scroll of teleportation
Potions
 f - a potion of magic {unknown}
 g - a potion of cancellation {unknown}
 i - a potion of flight {unknown}
 o - a potion of brilliance {unknown}
 p - a potion of invisibility {unknown}
 q - a potion of curing {unknown}


   Skills:
 + Level 0.2 Fighting
 * Level 3.0 Dodging
 - Level 2.0 Stealth
 * Level 5.2 Spellcasting


You couldn't memorise any spells.
You knew the following spells:

 Your Spells              Type           Power      Damage    Failure   Level
a - Foxfire               Conj/Fire      100%       2x1d9     1%          1
b - Conjure Flame         Conj/Fire      39%        6-21      3%          3
c - Inner Flame           Hex/Fire       39%        N/A       3%          3
d - Sticky Flame          Conj/Fire      39%        2d6       13%         4
e - Fireball              Conj/Fire      19%        3d9       34%         5
f - Corona                Hex            28%        N/A       1%          1
g - Corpse Rot            Necr/Air       N/A        N/A       1%          2
Your spell library was empty.

Dungeon Overview and Level Annotations

Branches:
Dungeon (4/15)
 Temple: D:4-7

Altars:
Ashenzari
Gozag
Qazlal
Uskayaw


Innate Abilities, Weirdness & Mutations

You are immune to poison.
Your flesh is very heat resistant. (rF++)
You are vulnerable to cold. (rC-)
You float through the air rather than walking.
You learn spells naturally, not from books.
Your magical power is your life essence.
You have superior vitality. (+4 HP)


Message History

The foxfire hits the orc warrior.
The orc warrior is moderately wounded.
The foxfire hits the orc warrior.
The orc warrior is heavily wounded.
The foxfire hits the orc warrior.
The orc warrior is heavily wounded.
Casting: Foxfire (safe; 1% risk of failure)
Confirm with . or Enter, or press ? or * to list all spells.
You feel a surge of power!
You conjure some foxfire!
The orc warrior hits you from afar with a +0 glaive!
Casting: Foxfire (safe; 1% risk of failure)
Confirm with . or Enter, or press ? or * to list all spells.
You feel a surge of power!
You conjure some foxfire!
The foxfire hits the orc warrior but does no damage.
The orc warrior is heavily wounded.
The foxfire hits the orc warrior!
The orc warrior is severely wounded.
The orc warrior hits you from afar with a +0 glaive!
* * * LOW HITPOINT WARNING * * *
The foxfire hits the orc warrior but does no damage.
The orc warrior is severely wounded.
The foxfire hits the orc warrior.
The orc warrior is almost dead.
There is a stone staircase leading up here.
Casting: Foxfire (safe; 1% risk of failure)
Confirm with . or Enter, or press ? or * to list all spells.
You feel a surge of power!
You conjure some foxfire!
* * * LOW HITPOINT WARNING * * *
The orc warrior barely misses you.
The foxfire hits the orc warrior but does no damage.
The orc warrior is almost dead.
The foxfire hits the orc warrior but does no damage.
The orc warrior is almost dead.
The orc warrior closely misses you.
Casting: Foxfire (safe; 1% risk of failure)
Confirm with . or Enter, or press ? or * to list all spells.
You feel a surge of power!
You conjure some foxfire!
* * * LOW HITPOINT WARNING * * *
The orc warrior hits you from afar with a +0 glaive!
You die...

#......<.o..#o#####.#
#..........##..#....#
............##......#
............###.....#
..........).# ##....#
##..........# #....#
##..........# #o...#
##........## #ov..#
##......## #@v..#
######## ######


You could see an orc warrior (ally target) and an orc (ally target).

Vanquished Creatures
  2 orc priests (D:3)
  An orc wizard (D:3)
  4 adders
  An ufetubus (D:4)
  A worm (D:4)
  5 dart slugs
  16 orcs
  6 endoplasms
  3 giant cockroaches (D:2)
  7 goblins
  7 hobgoblins
  6 jackals (D:1)
  5 quokkas
  6 ball pythons
  4 bats
  4 frilled lizards
  7 kobolds
  7 rats
92 creatures vanquished.

Vanquished Creatures (others)
  305 foxfires
305 creatures vanquished.

Grand Total: 397 creatures vanquished

Notes
Turn   | Place    | Note
-------+----------+-------------------------------------------
     0 | D:1      | funkygono the Djinni Fire Elementalist began the quest for
                  | the Orb.
     0 | D:1      | Reached XP level 1. HP: 15/15 MP: 0/0
   367 | D:1      | Reached skill level 3 in Spellcasting
   369 | D:1      | Reached XP level 2. HP: 18/21 MP: 0/0
   906 | D:1      | Reached XP level 3. HP: 20/25 MP: 0/0
   906 | D:1      | Learned a level 1 spell: Corona
  1991 | D:2      | Reached XP level 4. HP: 29/31 MP: 0/0
  2040 | D:2      | Reached skill level 4 in Spellcasting
  2446 | D:2      | Found an opulent altar of Gozag.
  2446 | D:2      | Found a broken altar of Ashenzari.
  2552 | D:2      | Found a stormy altar of Qazlal.
  2553 | D:2      | Found a hide-covered altar of Uskayaw.
  2859 | D:3      | Reached XP level 5. HP: 32/35 MP: 0/0
  2859 | D:3      | Learned a level 2 spell: Corpse Rot
  3816 | D:4      | Reached skill level 5 in Spellcasting
  3849 | D:3      | Reached XP level 6. HP: 15/40 MP: 0/0
  4109 | D:4      | Found the +3 crown of Dyrovepreva {rElec Int+2 SInv}
  4135 | D:4      | Noticed an orc warrior
  4411 | D:3      | Upgraded the game from 0.27-a0-760-gc38aae387d to
                  | 0.27-a0-789-g6bb3289e1e
  4447 | D:4      | Slain by an orc warrior

Illustrated notes

Levels and vault maps discovered:
D:1:      dpeg_arrival_simpleton_b, layout_basic, serial_corexii_hall,
          corexii_hall_statues_l, corexii_hall_statues_deadend,
          kennysheep_flooded_box, hex_large, st_stairs_13
D:2:      layout_basic, gammafunk_temple_overflow_wave,
          gammafunk_temple_overflow_statue, kennysheep_nondescript
D:3:      layout_basic, chequers_big_river
D:4:      layout_rooms, led_sif_book, minmay_overflow_temple_star_quad,
          minmay_close_crescents

Skill      XL: |  1  2  3  4  5 |
---------------+----------------+-----
Spellcasting   | 3 4 5 |  5.2
Stealth        | 2 |  2.0
Dodging        | 3 |  3.0
Fighting       | |  0.2

Action                   |  1- 3 |  4- 6 || total
-------------------------+-------+-------++-------
 Cast: Foxfire           |    70 |   104 ||   174
       Corona            |     3 |     1 ||     4
       Inner Flame       |       |     4 ||     4
  Use: Scroll            |     1 |     4 ||     5
Armor: Robe              |     1 |     5 ||     6
Dodge: Dodged            |    12 |    19 ||    31

Table legend: (Time is in decaauts)
 A = Elapsed time spent in this place.
 B = Non-inter-level travel time spent in this place.
 C = Inter-level travel time spent in this place.
 D = Time resting spent in this place.
 E = Time spent auto-exploring this place.
 F = Levels seen in this place.
 G = Mean time per level.
                   A        B        C        D        E       F      G
               +--------+--------+--------+--------+--------+-----+--------+
         Total |   4446 |   4385 |     61 |    367 |   3381 |   4 | 1111.5 |
       Dungeon |   4446 |   4385 |     61 |    367 |   3381 |   4 | 1111.5 |
               +--------+--------+--------+--------+--------+-----+--------+

Top non-repeatable levels by time:
     D:1: 1800 daAuts
     D:3: 1565 daAuts
     D:2: 865 daAuts
     D:4: 214 daAuts
